 Dungeon Crawl Stone Soup version 0.19-a0-1071-g4ed3155 (webtiles) character file.

98044 bullock the Devastator (level 16, -6/104 HPs)
             Began as a Tengu Air Elementalist on Aug 5, 2016.
             Was a High Priest of Vehumet.
             Mangled by a dire flail of protection (18 damage)
             ... on level 1 of the Elven Halls.
             The game lasted 03:14:36 (32387 turns).

bullock the Devastator (Tengu Air Elementalist)    Turns: 32387, Time: 03:14:36

Health: -6/104     AC: 14    Str:  6 (7)  XL:     16   Next: 21%
Magic:  16/42      EV: 19    Int: 20 (21) God:    Vehumet [*****.]
Gold:   330        SH: 12    Dex: 11 (14) Spells: 10 memorised, 9 levels left

rFire  . . .     SeeInvis +     h - +11 whip of Agony {vamp, +Inv}
rCold  + + .     Gourm    .     p - +2 robe {Archmagi}
rNeg   + . .     Faith    .     x - +2 shield
rPois  .         Spirit   .     R - +1 hat
rElec  +         Dismiss  .     f - +1 cloak of Starlight {rElec rC+ EV+4 Stlth--}
rCorr  .         Reflect  .     n - +1 pair of gloves {archery}
SustAt .         Harm     .     (boots unavailable)
MR     ++++.     Clarity  +     e - amulet of the Four Winds {rN+ MR+++ Clar}
Stlth  ..........               P - ring of magical power
                                r - +5 ring of protection

@: flying quickly and evasively, very slightly contaminated, repel missiles,
quick
A: beak, talons 3, see invisible, clarity, cold resistance 1, deterioration 1,
slow regeneration 1, weak 2, able to fly 2
a: Stop Flying, Renounce Religion, Evoke Invisibility


You were on level 1 of the Elven Halls.
You worshipped Vehumet.
Vehumet was extremely pleased with you.
You were near starving.

You visited 6 branches of the dungeon, and saw 26 of its levels.
You also visited: Trove and Ice Cave.

You collected 3112 gold pieces.
You spent 2782 gold pieces at shops.

Inventory:

Hand Weapons
 h - the +11 whip of Agony (weapon) {vamp, +Inv}
   (You bought it in a shop on level 2 of the Orcish Mines)

   It inflicts no extra harm, but heals its wielder somewhat when it strikes a
   living foe.
   It lets you turn invisible.
 m - a +1 long sword of protection
 E - a +2 mace of protection
Armour
 c - the +2 cloak of the Thief {+Fog Slay-2 SInv Stlth+}
   (You acquired it on level 2 of the Orcish Mines)

   It affects your accuracy and damage with ranged weapons and melee attacks
   (-2).
   It lets you see invisible.
   It can be evoked to emit clouds of fog.
   It makes you more stealthy.
 f - the +1 cloak of Starlight (worn) {rElec rC+ EV+4 Stlth--}
   (You acquired it on level 2 of the Orcish Mines)

   It affects your evasion (+4).
   It protects you from cold.
   It insulates you from electricity.
   It makes you much less stealthy.
 n - a +1 pair of gloves of archery (worn)
 p - a +2 robe of the Archmagi (worn)
 x - a +2 shield (worn)
 R - a +1 hat (worn)
Jewellery
 e - the amulet of the Four Winds (around neck) {rN+ MR+++ Clar}
   (You found it on level 6 of the Lair of Beasts)

   [amulet of nothing]

   It protects you from negative energy.
   It affects your resistance to hostile enchantments.
   It protects you against confusion.
 r - a +5 ring of protection (left hand)
 P - a ring of magical power (right hand)
Wands
 i - a wand of lightning (5/15)
 y - a wand of hasting (7/9)
 N - a wand of teleportation (2/9)
Scrolls
 a - 2 scrolls of magic mapping
 d - 6 scrolls of teleportation
 u - a scroll of summoning
 F - 14 scrolls of remove curse
 G - 2 scrolls of fog
 I - 2 scrolls of blinking
 U - a scroll of fear
Potions
 g - a potion of magic
 j - 10 potions of curing
 o - 2 potions of resistance {unknown}
 s - 5 potions of agility
 v - 2 potions of might {unknown}
 z - 4 potions of cancellation {unknown}
 C - 2 potions of ambrosia {unknown}
 D - 2 potions of invisibility
 J - 4 potions of brilliance {unknown}
 M - a potion of heal wounds
 O - 3 potions of haste {unknown}
 V - a potion of berserk rage
Miscellaneous
 l - a lamp of fire
 K - a fan of gales
Comestibles
 k - 4 slices of pizza
 q - 13 fruits
 t - a bread ration


   Skills:
 + Level 13.2 Fighting
 + Level 4.0 Dodging
 - Level 2.0 Stealth
 + Level 9.8 Shields
 + Level 12.6 Spellcasting
 + Level 16.7 Conjurations
 - Level 7.0 Summonings
 - Level 5.2 Translocations
 - Level 4.0 Ice Magic
 - Level 12.2 Air Magic


You had 9 spell levels left.
You knew the following spells:

 Your Spells              Type           Power        Failure   Level  Hunger
a - Stone Arrow           Conj/Erth      ######       1%          3    None
b - Shock                 Conj/Air       ####         1%          1    None
c - Swiftness             Chrm/Air       ######..     1%          2    None
e - Lightning Bolt        Conj/Air       #######...   1%          5    ####...
q - Blink                 Tloc           N/A          1%          2    None
r - Mephitic Cloud        Conj/Pois/Air  ######..     1%          3    None
t - Summon Lightning Spi  Summ/Air       ######..     1%          4    None
v - Repel Missiles        Chrm/Air       ######       1%          2    None
w - Call Canine Familiar  Summ           ######..     1%          3    None
z - Freezing Cloud        Conj/Ice/Air   ######....   4%          6    #####..


Dungeon Overview and Level Annotations

Branches:
Dungeon (15/15)            Temple (1/1) D:6            Lair (6/6) D:10
 Shoals (0/4) Lair:4        Snake (0/4) Lair:4        Slime (0/5) Lair:5
    Orc (2/2) D:11            Elf (1/3) Orc:2        Vaults (0/5) D:13
 Depths (1/5) D:15

Altars:
Ashenzari
Cheibriados
Dithmenos
Elyvilon
Fedhas
Gozag
Hepliaklqana
Kikubaaqudgha
Makhleb
Nemelex Xobeh
Okawaru
Pakellas
Qazlal
Ru
Sif Muna
Trog
Uskayaw
Vehumet
Xom
Yredelemnul
Zin
The Shining One
Jiyva

Shops:
D:12 !   D:13 *   Orc:2 ?%(%


Innate Abilities, Weirdness & Mutations

You have a beak for a mouth.
You have claws for feet.
You can fly continuously.
You have supernaturally acute eyesight. (SInv)
You possess an exceptional clarity of mind.
Your flesh is cold resistant. (rC+)
Your body sometimes deteriorates upon taking damage.
You regenerate slowly when monsters are visible.
You are very weak. (Str -4)


Message History

Your warg bites the dire flail of protection.
The redback is engulfed in freezing vapours.
You see here 2 arrows.
Your shield prevents you from hitting the dire flail of protection.
The dire flail of protection is lightly damaged.
The dire flail of protection hits you!!
Your body deteriorates!
You feel clumsy.
Your warg completely misses the dire flail of protection.
The dire flail of protection hits you!!
* * * LOW HITPOINT WARNING * * *
Your body deteriorates!
You feel clumsy.
Your warg barely misses the dire flail of protection.
The demonic crawler hits your warg. The demonic crawler hits your warg!
The demonic crawler barely misses your warg.
Your warg bites the dire flail of protection!
You see here a short sword.
The redback bites your warg! The demonic crawler hits your warg!
The demonic crawler hits your warg but does no damage.
The demonic crawler misses your warg. The dire flail of protection hits you!!
You die...

#..# #..' #..#. .
#.)#.. ... #..#
.########'# #..#
........s #).#
..se.e
#)@#######§#######
#(§(hs.))..........
#..(.(s8.§.........
#..##+##########..#
#..'...........#..#
#.)#...........#..#
#..#...........#..#
#..#...........#..'
#..###########'#..#


You could see a demonic crawler, a redback, a dire flail of protection, a
friendly warg and a friendly lightning spire.

Vanquished Creatures
  Frances (D:14)
  A frost giant (IceCv)
  Nessos (Orc:2)
  A dire elephant (D:15)
  2 great orbs of eyes (D:15)
  The ghost of poirepourri the Cleaver, a journeyman MiFi of Makhleb (D:11)
  Josephine (D:12)
  An ice dragon (D:15)
  4 hydras
  2 catoblepae
  Erica (D:8)
  2 centaur warriors (D:15)
  3 death yaks (Lair:6)
  3 orc high priests (Orc:2)
  2 dancing weapons
  A tengu warrior (D:14)
  Nergalle (Lair:2)
  3 hill giants
  4 deep elf archers (Elf:1)
  A lindwurm (Lair:6)
  A wolf spider zombie (D:15)
  5 orc knights
  11 ugly things
  An oklob plant (Lair:1)
  3 cyclopes
  A wolf spider (D:15)
  11 deep elf magi
  A griffon (D:15)
  5 manticores
  An ice statue (IceCv)
  An elephant (D:10)
  3 centaur zombies
  2 black mambas
  18 spiny frogs
  2 efreet
  3 komodo dragons
  2 rime drakes
  The ghost of whomadewhat the Ducker, an amateur TrMo of Xom (D:4)
  A tengu conjurer (D:13)
  4 trolls
  Grinder (D:3)
  14 polar bears
  3 giant leeches (Lair:6)
  2 two-headed ogres
  2 blink frogs
  Prince Ribbit (D:6)
  5 slime creatures (D:13)
  A boulder beetle (D:13)
  A water elemental (Elf:1)
  A human (D:7)
  6 wraiths
  A hog (Lair:4)
  40 yaks
  2 wyverns
  7 hippogriffs
  5 vampire mosquitoes
  Menkaure (D:6)
  2 mottled dragons
  6 wargs
  2 hungry ghosts
  A naga (Lair:4)
  9 water moccasins
  12 porcupines
  5 ice beasts
  32 orc warriors
  4 sky beasts
  A black bear (Lair:3)
  2 phantoms
  2 wasps
  8 ogres
  9 centaurs
  8 crocodiles
  15 wolves
  A big kobold (D:9)
  21 giant frogs
  A wyvern skeleton (D:14)
  5 scorpions
  65 killer bees
  5 wights (D:10)
  The ghost of Charly the Charmwright, a weakling HuSk (D:3)
  4 electric eels
  5 howler monkeys
  6 crimson imps
  6 jellies
  A giant frog zombie (D:12)
  7 centaur skeletons
  A quasit (D:9)
  12 hounds
  29 orc priests
  19 orc wizards
  2 giant frog skeletons
  10 iguanas
  7 worker ants
  10 sheep
  A hound skeleton (D:8)
  3 worker ant zombies
  7 gnolls
  A howler monkey skeleton (D:7)
  36 river rats
  14 adders
  4 shadow imps
  4 oozes
  2 adder skeletons
  4 worms
  5 dart slugs
  5 giant geckos
  61 orcs
  2 ball pythons
  5 bats
  5 giant cockroaches
  8 hobgoblins
  15 jackals
  4 quokkas
  A giant gecko skeleton (D:8)
  5 giant newts
  5 goblins
  A jackal zombie (D:6)
  11 kobolds
  A quokka zombie (D:8)
  4 rats
  A bush (Lair:4)
  5 fungi
  3 plants
765 creatures vanquished.

Vanquished Creatures (collateral kills)
  Saint Roka (Orc:2)
  Kirke (Lair:4)
  A deep elf elementalist (Elf:1)
  4 death yaks (Lair:6)
  2 orc high priests (Orc:2)
  2 hill giants
  A wizard (D:13)
  4 orc knights (Orc:2)
  5 ugly things
  A necromancer (D:13)
  2 wolf spider zombies
  3 elephants (Lair:6)
  2 cyclopes
  Maurice (Orc:2)
  4 spiny frogs
  A rime drake (IceCv)
  A komodo dragon (Lair:5)
  A troll (Orc:2)
  A polar bear (D:15)
  4 blink frogs
  2 vampires
  2 wyverns
  A shadow (D:13)
  12 yaks
  A hog (Lair:4)
  A basilisk (Lair:2)
  A hungry ghost (D:14)
  3 vampire mosquitoes (D:14)
  A soldier ant (D:14)
  A naga (Lair:4)
  3 water moccasins
  A porcupine (Lair:4)
  5 orc warriors (Orc:2)
  2 ogres
  3 wolves
  2 crocodiles
  5 giant frogs
  3 killer bees (D:11)
  An electric eel (Lair:5)
  A hound (D:12)
  An orc wizard (Orc:2)
  6 orc priests (Orc:2)
  2 worker ants
  10 sheep
  4 gnolls (Orc:2)
  An adder (D:12)
  12 river rats
  8 orcs
  A fungus (Lair:6)
  2 plants
140 creatures vanquished.

Vanquished Creatures (others)
  A spiny frog (Lair:6)
  A rime drake (IceCv)
  A polar bear (IceCv)
  A yak (IceCv)
  2 humans (Lair:4)
  4 wolves (IceCv)
  A centaur (D:5)
  A crocodile (Lair:6)
  A killer bee (D:10)
  12 fungi
  14 plants
39 creatures vanquished.

Grand Total: 944 creatures vanquished

Notes
Turn   | Place    | Note
-------+----------+-------------------------------------------
     0 | D:1      | bullock the Tengu Air Elementalist began the quest for the Orb.
     0 | D:1      | Reached XP level 1. HP: 10/10 MP: 4/4
   283 | D:1      | Reached XP level 2. HP: 15/15 MP: 6/6
   746 | D:2      | Reached skill level 2 in Conjurations
   760 | D:2      | Reached XP level 3. HP: 13/20 MP: 0/7
   890 | D:2      | Reached skill level 1 in Fighting
  1670 | D:3      | Noticed Charly's ghost (weakling HuSk)
  1867 | D:2      | Reached XP level 4. HP: 25/25 MP: 8/8
  2023 | D:1      | Learned a level 2 spell: Repel Missiles
  2028 | D:1      | Learned a level 2 spell: Swiftness
  2359 | D:2      | Gained mutation: You are agile. (Dex +2) [potion of mutation]
  2359 | D:2      | Gained mutation: Your magical capacity is low. (-10% MP) [potion of mutation]
  2465 | D:2      | Reached skill level 5 in Air Magic
  2898 | D:3      | Noticed Grinder
  2931 | D:3      | Killed Grinder
  2931 | D:3      | Reached skill level 4 in Conjurations
  2931 | D:3      | Gained mutation: You can fly. [Tengu growth]
  2931 | D:3      | Reached XP level 5. HP: 26/32 MP: 1/10
  2931 | D:3      | Reached XP level 6. HP: 29/36 MP: 1/11
  3264 | D:3      | Killed Charly's ghost
  3266 | D:3      | Reached XP level 7. HP: 35/41 MP: 1/12
  3955 | D:4      | Got a bound ivory amulet
  3957 | D:4      | Identified the amulet of Qotilauh {Reflect rC+ SH+3} (You found it on level 4 of the Dungeon)
  4085 | D:4      | Found a shimmering altar of Xom.
  4086 | D:4      | Noticed whomadewhat's ghost (amateur TrMo)
  4258 | D:4      | Reached skill level 5 in Conjurations
  4302 | D:4      | Killed whomadewhat's ghost
  4302 | D:4      | Reached XP level 8. HP: 31/48 MP: 2/14
  4468 | D:4      | Found a glowing golden altar of the Shining One.
  4687 | D:5      | Entered Level 5 of the Dungeon
  4746 | D:5      | Reached skill level 6 in Conjurations
  5175 | D:6      | Reached skill level 5 in Spellcasting
  5235 | D:6      | Found a staircase to the Ecumenical Temple.
  5242 | D:6      | Noticed Menkaure
  5249 | Temple   | Entered the Ecumenical Temple
  5438 | Temple   | Became a worshipper of Vehumet
  5578 | D:6      | Killed Menkaure
  5578 | D:6      | Reached skill level 5 in Fighting
  5578 | D:6      | Reached skill level 7 in Conjurations
  5659 | D:6      | Reached XP level 9. HP: 43/54 MP: 9/16
  5977 | D:6      | Noticed Prince Ribbit
  6004 | D:6      | Killed Prince Ribbit
  6107 | D:7      | Reached * piety under Vehumet
  6107 | D:7      | Offered knowledge of Freeze by Vehumet.
  6117 | D:7      | Reached skill level 8 in Conjurations
  6639 | D:7      | Found an oddly glowing altar of Pakellas.
  6652 | D:7      | Found a snail-covered altar of Cheibriados.
  6674 | D:7      | Found a white marble altar of Elyvilon.
  6874 | D:7      | Reached skill level 9 in Conjurations
  6880 | D:7      | Reached XP level 10. HP: 25/61 MP: 10/18
  7220 | D:7      | Found a sacrificial altar of Ru.
  7499 | D:8      | Learned a level 5 spell: Lightning Bolt
  7516 | D:8      | Offered knowledge of Throw Flame by Vehumet.
  7516 | D:8      | Reached skill level 1 in Shields
  7692 | D:8      | Reached ** piety under Vehumet
  7732 | D:8      | Noticed Erica
  7749 | D:8      | Killed Erica
  7749 | D:8      | Reached skill level 10 in Air Magic
  7832 | D:8      | Found an iron altar of Okawaru.
  7834 | D:8      | Found a shattered altar of Ashenzari.
  7834 | D:8      | Found a blossoming altar of Fedhas.
  7882 | D:8      | Found a basalt altar of Yredelemnul.
  7889 | D:8      | Found a hazy altar of Hepliaklqana.
  8514 | D:9      | Reached skill level 10 in Conjurations
  8736 | D:10     | Entered Level 10 of the Dungeon
  8778 | D:10     | Noticed a gargoyle
  9124 | D:10     | Offered knowledge of Ignite Poison by Vehumet.
  9487 | D:10     | Reached XP level 11. HP: 50/68 MP: 13/21
  9487 | D:10     | Reached *** piety under Vehumet
  9543 | D:10     | Gained mutation: You have supernaturally acute eyesight. (SInv) [mutagenic meat]
  9546 | D:10     | Lost mutation: Your magical capacity is low. (-10% MP) [mutagenic meat]
  9549 | D:10     | Gained mutation: Your spells are a little easier to cast, but a little less powerful. [mutagenic meat]
  9552 | D:10     | Gained mutation: You evolve. [mutagenic meat]
  9555 | D:10     | Gained mutation: Your body sometimes deteriorates upon taking damage. [mutagenic meat]
 10047 | D:10     | Offered knowledge of Airstrike by Vehumet.
 10072 | D:10     | Found an oddly glowing altar of Pakellas.
 10081 | D:10     | Noticed a hill giant
 10203 | D:10     | Found a staircase to the Lair.
 10453 | D:10     | Killed a hill giant
 10653 | D:10     | Noticed a manticore
 10658 | D:10     | Killed a manticore
 10658 | D:10     | Reached skill level 11 in Conjurations
 11061 | D:11     | Reached skill level 5 in Shields
 11358 | D:11     | Reached **** piety under Vehumet
 11740 | D:11     | Offered knowledge of Stone Arrow by Vehumet.
 12005 | D:11     | Noticed a white ugly thing
 12482 | D:10     | Gained mutation: You are frail. (-10% HP) [evolution]
 12874 | D:11     | Found a staircase to the Orcish Mines.
 12925 | D:11     | Found a portal to a secret trove of treasure.
 12957 | Trove    | Entered a treasure trove
 12968 | Trove    | Identified Luampis's Volume of Damaging Beguiling
 13033 | Trove    | Identified Saont's Almanac of the Entrancing Traveller (You found it in a treasure trove)
 13036 | Trove    | Identified Sif Muna's Guide on Feathery Arcane Weapons (You found it in a treasure trove)
 13066 | D:11     | Learned a level 2 spell: Blink
 13092 | D:11     | Reached XP level 12. HP: 63/67 MP: 15/25
 13173 | D:11     | Noticed poirepourri's ghost (journeyman MiFi)
 13265 | D:9      | Paralysed by a wasp for 3 turns
 13761 | Lair:1   | Entered Level 1 of the Lair of Beasts
 13776 | Lair:1   | Reached skill level 1 in Translocations
 13780 | Lair:1   | Noticed a six-headed hydra
 13794 | Lair:1   | Upgraded the game from 0.19-a0-1068-g99dd0f4 to 0.19-a0-1071-g4ed3155
 13946 | D:10     | Learned a level 3 spell: Mephitic Cloud
 13953 | D:10     | Learned a level 4 spell: Summon Lightning Spire
 14308 | Lair:1   | Killed a six-headed hydra
 14308 | Lair:1   | Reached skill level 1 in Summonings
 14500 | Lair:2   | Learned a level 3 spell: Call Canine Familiar
 14508 | Lair:2   | Learned a level 6 spell: Freezing Cloud
 14569 | Lair:1   | Reached skill level 12 in Conjurations
 14937 | Lair:2   | Lost mutation: Your spells are a little easier to cast, but a little less powerful. [evolution]
 15029 | Lair:2   | Noticed Nergalle
 15036 | Lair:2   | Killed Nergalle
 15036 | Lair:2   | Reached skill level 1 in Ice Magic
 16616 | Lair:4   | Noticed Kirke
 16626 | Lair:4   | Killed Kirke
 16627 | Lair:4   | Noticed a four-headed hydra
 16640 | Lair:4   | Killed a four-headed hydra
 16769 | Lair:4   | Found a staircase to the Snake Pit.
 16807 | Lair:4   | Reached skill level 10 in Fighting
 16807 | Lair:4   | Reached XP level 13. HP: 46/73 MP: 9/27
 16998 | Lair:4   | Found a staircase to the Shoals.
 17600 | Lair:5   | Reached skill level 5 in Summonings
 18232 | Lair:5   | Learned a level 3 spell: Stone Arrow
 18257 | Lair:5   | Found a viscous altar of Jiyva.
 18257 | Lair:5   | Found a staircase to the Slime Pits.
 18650 | Lair:6   | Entered Level 6 of the Lair of Beasts
 18854 | Lair:6   | Reached skill level 13 in Conjurations
 19060 | Lair:6   | Gained mutation: You possess an exceptional clarity of mind. [evolution]
 19070 | Lair:6   | Reached skill level 10 in Spellcasting
 20333 | Lair:6   | Reached skill level 5 in Translocations
 20338 | Lair:6   | Gained mutation: You can fly continuously. [Tengu growth]
 20338 | Lair:6   | Reached XP level 14. HP: 49/79 MP: 17/29
 20510 | Lair:6   | Reached ***** piety under Vehumet
 20603 | Lair:6   | Offered knowledge of Ozocubu's Refrigeration by Vehumet.
 21005 | D:11     | Gained mutation: Your flesh is cold resistant. (rC+) [mutagenic meat]
 21008 | D:11     | Lost mutation: You are agile. (Dex +2) [mutagenic meat]
 21431 | D:11     | Killed poirepourri's ghost
 21675 | D:12     | Reached skill level 14 in Conjurations
 21860 | D:12     | Noticed Josephine
 21866 | D:12     | Killed Josephine
 21969 | D:11     | Lost mutation: You evolve. [end of evolution]
 22126 | D:12     | Found Xuacrius's Distillery.
 22130 | D:12     | Bought a potion of heal wounds for 65 gold pieces
 22130 | D:12     | Bought a potion of lignification for 39 gold pieces
 22130 | D:12     | Bought a potion of cure mutation for 325 gold pieces
 22622 | D:13     | Found a gate to the Vaults.
 22647 | D:13     | Found Hixumini's Assorted Antiques.
 22867 | D:13     | Identified a scroll of acquirement
 22883 | D:13     | Gained mutation: You are weak. (Str -2) [potion of mutation]
 22883 | D:13     | Lost mutation: You are frail. (-10% HP) [potion of mutation]
 22884 | D:13     | Gained mutation: You are very weak. (Str -4) [potion of mutation]
 22884 | D:13     | Gained mutation: You regenerate slowly when monsters are visible. [potion of mutation]
 22884 | D:13     | Lost mutation: Your body sometimes deteriorates upon taking damage. [potion of mutation]
 22885 | D:13     | Gained mutation: Your body sometimes deteriorates upon taking damage. [potion of mutation]
 22885 | D:13     | Gained mutation: You are partially covered in rugged brown scales. (AC +1, +3% HP) [potion of mutation]
 22886 | D:13     | Lost mutation: You are partially covered in rugged brown scales. (AC +1, +3% HP) [potion of mutation]
 23314 | D:14     | Noticed Frances
 23337 | D:14     | Killed Frances
 23595 | D:14     | Found a hide-covered altar of Uskayaw.
 23873 | D:14     | Offered knowledge of Bolt of Draining by Vehumet.
 24360 | D:14     | Reached skill level 15 in Conjurations
 24785 | D:15     | Entered Level 15 of the Dungeon
 24912 | D:15     | Reached XP level 15. HP: 82/96 MP: 12/31
 25012 | D:15     | Found a shadowy altar of Dithmenos.
 25358 | D:15     | Found a frozen archway.
 25396 | IceCv    | Entered an ice cave
 26072 | IceCv    | Got an ivory scythe
 26508 | IceCv    | Noticed a frost giant
 26521 | IceCv    | Killed a frost giant
 26943 | D:15     | Identified the +7 scythe "Vak Vaoghi" {drain, Int+3 Dex+3} (You found it in an ice cave)
 27204 | D:15     | Got an ominously black robe
 27215 | D:15     | Identified the +2 robe of Distant Worlds {Slay+2} (You found it on level 15 of the Dungeon)
 27272 | D:15     | Found a staircase to the Depths.
 27596 | Orc:1    | Entered Level 1 of the Orcish Mines
 27638 | Orc:1    | Offered knowledge of Irradiate by Vehumet.
 27773 | Orc:1    | Found an iron altar of Okawaru.
 27920 | Orc:2    | Entered Level 2 of the Orcish Mines
 27931 | Orc:2    | Noticed Maurice
 28026 | Orc:2    | Noticed Saint Roka
 28227 | Orc:1    | You are sucked into a shaft!
 28227 | Orc:2    | Noticed Nessos
 28237 | Orc:2    | Killed Nessos
 28237 | Orc:2    | Reached skill level 16 in Conjurations
 28702 | Orc:2    | HP: 4/97 [orc priest/divine providence (13)]
 28994 | Orc:2    | Killed Saint Roka
 29382 | Orc:2    | Killed Maurice
 29602 | Orc:2    | Found a staircase to the Elven Halls.
 29701 | Orc:2    | Offered knowledge of Delayed Fireball by Vehumet.
 30883 | Orc:2    | Found Xedialuweoh's Food Boutique.
 30883 | Orc:2    | Found Jeijie's Magic Scroll Boutique.
 30884 | Orc:2    | Found Liodup's Weapon Shop.
 30884 | Orc:2    | Found Ycush's Food Boutique.
 30895 | Orc:2    | Bought a scroll of acquirement for 728 gold pieces
 30895 | Orc:2    | Bought a scroll of acquirement for 728 gold pieces
 30916 | Orc:2    | Bought the +11 whip of Agony {vamp, +Inv} for 841 gold pieces
 30923 | Orc:2    | Bought a scroll of identify for 28 gold pieces
 30923 | Orc:2    | Bought a scroll of identify for 28 gold pieces
 31459 | Depths:1 | Entered Level 1 of the Depths
 31522 | D:13     | Reached XP level 16. HP: 67/104 MP: 19/33
 31731 | Elf:1    | Entered Level 1 of the Elven Halls
 32387 | Elf:1    | Mangled by a dire flail of protection

Vault maps used:
D:1:      dpeg_arrival_yet_another_circle
D:2:      minmay_tall_x
D:3:      uniq_grinder
D:4:      tso_oasis_becter, tgw_xom
D:5:      first_bread
D:6:      uniq_prince_ribbit1, uniq_menkaure
D:7:      nicolae_overflow_quartered_altars, grunt_livestock
D:8:      grunt_temple_overflow_open, uniq_erica
D:10:     david_lair_generic, minmay_misc_feat_rows, corner_web_ring,
          grunt_pakellas_salt
D:11:     wad_woods_minihive, minmay_orc_entry_guard_dogs, enter_trove_1,
          lab_entry_generic
D:12:     serial_shops, shop, minmay_misc_feat_ornament, uniq_josephine
D:13:     boulder_corridor_run, david_vaults_1, serial_shops, shop
D:14:     kennysheep_ambush_hall, hex_tiny, basic_altar, uniq_frances
D:15:     hangedman_depths_entry_try_elsewhere_first,
          portal_ice_cave_entry_animals_and_master,
          nicolae_dithmenos_the_darkroom, grunt_decor_cap, minivault_5
Temple:   minmay_temple_bridge_abc
Lair:1:   minmay_lair_oklob_items, grunt_megastairs_1
Lair:2:   uniq_nergalle
Lair:3:   serial_forest, infiniplex_forest_end_2, infiniplex_forest_end_2,
          infiniplex_forest_end_3, infiniplex_forest_fountain,
          infiniplex_forest_straight_4, infiniplex_forest_lined_corner
Lair:4:   shoals_dummy_entry, guppyfry_snake_entry_island, uniq_kirke
Lair:5:   dpeg_slime_entry_enclosed_altar, serial_bayou_shore_b,
          infiniplex_staircase_pool
Lair:6:   minmay_lair_end_frog_pond, grunt_megastairs_2
Orc:1:    okawaru_metal_pillars_1_2
Orc:2:    st_orc_pillars, abandoned_shop, uniq_nessos, uniq_maurice,
          uniq_saint_roka
Elf:1:    elf_arrival_002, evilmike_minifort
Depths:1: moated_statue, grunt_pan_entry_sceptre, hell_entry,
          grunt_decor_arrowhead, kennysheep_diamond, st_stairs_10,
          kennysheep_potato, firewood_loft, uniq_enchantress
Trove:    trove_library
IceCv:    ice_cave_caverns_02

Skill      XL: |  1  2  3  4  5  6  7  8  9 10 11 12 13 14 15 16 |
---------------+-------------------------------------------------+-----
Conjurations   | 2 4 5 7 9 10 11 12 13 15 16 | 16.7
Fighting       | 1 2 3 5 6 7 8 10 12 13 | 13.2
Air Magic      | 5 6 7 8 9 11 12 | 12.2
Spellcasting   | 3 4 5 6 7 8 9 10 11 12 | 12.6
Shields        | 3 5 6 7 9 |  9.8
Translocations | 3 5 |  5.2
Summonings     | 4 7 |  7.0
Ice Magic      | 2 4 |  4.0
Dodging        | 4 |  4.0
Stealth        | |  2.0

Action                   |  1- 3 |  4- 6 |  7- 9 | 10-12 | 13-15 | 16-18 || total
-------------------------+-------+-------+-------+-------+-------+-------++-------
Melee: Short sword       |    25 |    34 |     8 |       |       |       ||    67
       Peck              |     2 |     5 |    27 |    53 |    76 |     2 ||   165
       Unarmed           |     1 |       |       |       |       |       ||     1
       Kick              |     4 |     8 |    49 |    94 |   117 |     7 ||   279
       Mace              |       |       |   171 |   319 |   450 |       ||   940
       Whip              |       |       |       |       |    40 |    25 ||    65
 Cast: Shock             |    77 |    79 |   235 |   206 |    15 |       ||   612
       Repel Missiles    |       |     1 |     1 |     3 |     3 |       ||     8
       Lightning Bolt    |       |       |       |   184 |   233 |     4 ||   421
       Mephitic Cloud    |       |       |       |    11 |    16 |     1 ||    28
       Summon Lightning  |       |       |       |     9 |    68 |     4 ||    81
       Blink             |       |       |       |     2 |    23 |     6 ||    31
       Call Canine Famil |       |       |       |     2 |    62 |     5 ||    69
       Stone Arrow       |       |       |       |       |   265 |    12 ||   277
       Freezing Cloud    |       |       |       |       |    27 |     9 ||    36
       Swiftness         |       |       |       |       |       |     1 ||     1
 Abil: Fly               |       |     1 |     2 |     7 |     5 |       ||    15
Evoke: Wand              |       |       |     4 |     2 |    11 |       ||    17
       Lamp of fire      |       |       |       |       |     2 |       ||     2
       Fan of gales      |       |       |       |       |     1 |       ||     1
  Use: Scroll            |     4 |     2 |     1 |     8 |    18 |       ||    33
       Potion            |       |     1 |       |     4 |     8 |       ||    13
 Stab: Sleeping          |     3 |     1 |     2 |     1 |       |       ||     7
       Confused          |       |       |       |     3 |       |       ||     3
       Distracted        |       |       |       |     2 |     4 |       ||     6
  Eat: Chunk             |     3 |     6 |    19 |    57 |    72 |     2 ||   159
       Fruit             |       |       |       |     8 |     4 |     1 ||    13
       Beef jerky        |       |       |       |     5 |     1 |       ||     6
       Pizza             |       |       |       |     5 |     6 |     1 ||    12
       Meat ration       |       |       |       |     2 |     1 |       ||     3
       Bread ration      |       |       |       |       |     3 |       ||     3
       Royal jelly       |       |       |       |       |     1 |       ||     1
Armor: Leather armour    |     6 |     9 |    95 |     3 |       |       ||   113
       Robe              |       |       |       |   173 |   181 |     6 ||   360
Dodge: Dodged            |    45 |    57 |   206 |   579 |   398 |    20 ||  1305
       Deflected         |       |       |     4 |    10 |    12 |     3 ||    29
Block: Other             |       |     9 |    44 |    78 |       |       ||   131
       Reflection        |       |       |     2 |     7 |       |       ||     9
       Shield            |       |       |       |   130 |   547 |    22 ||   699
